 Dungeon Crawl Stone Soup version 0.18-a0-1426-g3b9a63c (webtiles) character file.

76 namelastname112 the Cudgeler (level 4, 0/54 HPs)
             Began as a Draconian Wanderer on Feb 27, 2016.
             Succumbed to an adder's poison
             ... on level 2 of the Dungeon.
             The game lasted 00:03:04 (2716 turns).

namelastname112 the Cudgeler (Draconian Wanderer)   Turns: 2716, Time: 00:03:04

Health: 0/54       AC: 22    Str: 16    XL:     4   Next: 12%
Magic:  7/7        EV:  2    Int: 11    God:
Gold:   94         SH:  0    Dex: 11    Spells: 0 memorised, 7 levels left

rFire  . . .     SeeInvis .     (no weapon)
rCold  . . .     Gourm    .     (armour unavailable)
rNeg   + + +     Faith    .     (no shield)
rPois  +         Spirit   .     (helmet currently unavailable)
rElec  .         Dismiss  .     (cloak currently unavailable)
rCorr  .         Reflect  .     (gloves currently unavailable)
SustAt .         Harm     .     (boots currently unavailable)
MR     .....     NoTele   +     (no amulet)
Stlth  ++........               (no ring)
                                (no ring)

@: lethally poisoned (0 -> -1), tree-form, not resistant to hostile
enchantments, unstealthy
A: unfitting armour, (stinger 0), (cold-blooded), AC +5
a: no special abilities


You were on level 2 of the Dungeon.
You were not hungry.
You were a tree.
You visited 1 branch of the dungeon, and saw 2 of its levels.

You collected 94 gold pieces.

Inventory:

Hand Weapons
 d - a +0 club
Scrolls
 a - 3 scrolls of identify {unknown}
 c - a scroll of teleportation
 i - a scroll of blinking {unknown}
Comestibles
 b - 4 fruits
 f - 4 bread rations
 g - a beef jerky


   Skills:
 + Level 2.1 Fighting
 * Level 3.5 Maces & Flails
 + Level 1.4 Dodging
 - Level 1.0 Stealth
   Level 1.0 Shields
 - Level 2.0 Spellcasting
   Level 1.0 Conjurations
   Level 1.7 Hexes


You had 7 spell levels left.
You didn't know any spells.

Dungeon Overview and Level Annotations

Branches:
Dungeon (2/15)

Altars:

Annotations:
D:2 Terence


Innate Abilities, Weirdness & Mutations

((Your plain brown scales are hard (AC +5).))
Your body does not fit into most forms of armour.
((You are cold-blooded and may be slowed by cold attacks.))
((Your tail ends in a poisonous barb.))


Message History

Unknown command.
Really attack barehanded? [Y]es or [N]o only, please.
Really attack barehanded?
You closely miss the adder.
* * * LOW HITPOINT WARNING * * *
You feel sick. The adder barely misses you.
You hit the adder.
The adder is lightly wounded.
The adder bites you but does no damage.
You barely miss the adder.
The adder is lightly wounded.
The adder bites you but does no damage. The adder bites you.
* * * LOW HITPOINT WARNING * * *
You hit the adder.
The adder is moderately wounded.
The adder bites you but does no damage.
You completely miss the adder.
The adder is moderately wounded.
You die...

#.#..........# . #####
#.#...####...# .
#...#####.#...# #...# #.#
#....[....###.####...##...#
###..####..........##...#
##...##.######.#......#
###.##..# ###...####..##
#.###.###...#...###...
##....♣S@..#####...####
##...#####.## ###[.##
##..#.# #.# ##..# #..##.##
#.# ##.## ##..#..#
#.##########..#
#######..#.#
#.#........##..
##...##...#.#
#..........###.
##...........##
###......(.....
#.............##
#.........###


You could see Terence and an adder.

Vanquished Creatures
  Jessica (D:2)
  An adder (D:2)
  An ooze (D:1)
  A worm (D:2)
  2 dart slugs (D:2)
  A giant gecko (D:1)
  3 goblins
  4 hobgoblins
  5 bats
  5 giant newts
  3 kobolds (D:1)
  6 rats
33 creatures vanquished.

Notes
Turn   | Place    | Note
--------------------------------------------------------------
     0 | D:1      | namelastname112 the Draconian Wanderer began the quest for the Orb.
     0 | D:1      | namelastname112 set off with: a book of Maledictions, the Papyrus of Damage Dealing and Poisoning, a scroll of teleportation, a +0 club, a bread ration
     0 | D:1      | Reached XP level 1. HP: 16/16 MP: 3/3
   505 | D:1      | Reached XP level 2. HP: 18/23 MP: 5/5
  1333 | D:2      | Reached skill level 1 in Dodging
  1337 | D:2      | Reached XP level 3. HP: 19/28 MP: 6/6
  1381 | D:2      | Reached skill level 3 in Maces & Flails
  1402 | D:2      | Noticed Jessica
  1420 | D:2      | Killed Jessica
  1445 | D:2      | Noticed Terence
  1578 | D:2      | HP: 1/29 [worm (10)]
  2273 | D:2      | Reached XP level 4. HP: 18/36 MP: 7/7
  2694 | D:2      | Gained mutation: Your mind is acute. (Int +2) [potion of mutation]
  2694 | D:2      | Gained mutation: Your tail ends in a poisonous barb. [potion of mutation]
  2694 | D:2      | Lost mutation: Your mind is acute. (Int +2) [potion of mutation]
  2711 | D:2      | HP: 2/54 [adder (1)]
  2716 | D:2      | Succumbed to an adder's poison

Vault maps used:
D:1:      ncdulo_smallfort
D:2:      uniq_jessica, uniq_terence

Skill      XL: |  1  2  3 |
---------------+----------+-----
Dodging        | 1 |  1.4
Maces & Flails | 3 |  3.5
Fighting       | 2 |  2.1
Stealth        | |  1.0
Shields        | |  1.0
Spellcasting   | |  2.0
Conjurations   | |  1.0
Hexes          | |  1.7

Action                   |  1- 3 |  4- 6 || total
-------------------------+-------+-------++-------
Melee: Club              |   161 |    18 ||   179
       Unarmed           |       |     5 ||     5
  Use: Potion            |     1 |     2 ||     3
 Stab: Sleeping          |     1 |       ||     1
  Eat: Chunk             |     4 |     2 ||     6
